 Dungeon Crawl Stone Soup version 0.25-a0-617-g20d90ebb82 (webtiles) character file.

Game seed: 11049507952899570609, levelgen mode: deterministic

639 GenChuck the Conjurer (level 7, -1/50 HPs)
             Began as a White Draconian Conjurer on Mar 18, 2020.
             Shot with an arrow by a centaur (9 damage)
             ... on level 5 of the Dungeon.
             The game lasted 00:45:35 (6511 turns).

GenChuck the Conjurer (White Draconian Conjurer)    Turns: 6511, Time: 00:45:36

Health: -1/50      AC:  6    Str: 10    XL:     7   Next: 26%
Magic:  17/22      EV: 12    Int: 18    God:
Gold:   315        SH:  0    Dex: 11    Spells: 11/14 levels left

rFire    . . .     SeeInvis .   u - +0 whip (freeze)
rCold    + + .     Gourm    .   (no shield)
rNeg     . . .     Faith    .   (armour unavailable)
rPois    .         Spirit   .   (helmet restricted)
rElec    .         Reflect  .   (no cloak)
rCorr    .         Harm     .   (no gloves)
MR       .....                  (no boots)
Stlth    ++........             (no amulet)
HPRegen  0.16/turn              q - ring of protection from cold
MPRegen  0.18/turn              d - ring of magical power

@: no status effects
A: breathe frost, unfitting armour, cold resistance 1, cold-blooded, AC +6
a: Breathe Frost


You were on level 5 of the Dungeon.
You were not hungry.

You visited 1 branch of the dungeon, and saw 5 of its levels.

You collected 315 gold pieces.

Inventory:

Hand Weapons
 l - a +5 club
 u - a +0 whip of freezing (weapon)
 v - a +1 dagger of venom
Jewellery
 a - an uncursed ring of flight
 d - a ring of magical power (right hand)
 g - an uncursed ring of positive energy
 q - a ring of protection from cold (left hand)
Scrolls
 c - 2 scrolls of remove curse
 h - 2 scrolls of identify
 i - a scroll of fear
 j - a scroll of blinking
 m - 7 scrolls of enchant armour
 o - a scroll of amnesia
 t - 2 scrolls of teleportation
Potions
 e - 5 potions of heal wounds
 f - a potion of flight
 k - a potion of ambrosia {unknown}
 n - 2 potions of curing {unknown}
 p - a potion of haste {unknown}
 r - a potion of magic {unknown}
 s - a potion of mutation {unknown}
 x - a potion of might {unknown}
Comestibles
 b - 7 rations
 w - 2 chunks of flesh


   Skills:
 - Level 2.0 Dodging
 + Level 2.8 Stealth
 + Level 4.4 Spellcasting
 * Level 7.3 Conjurations


You had 11 spell levels left.
You knew the following spells:

 Your Spells              Type           Power        Failure   Level  Hunger
a - Magic Dart            Conj           ####         1%          1    None
b - Searing Ray           Conj           ####..       1%          2    ##.....

Your spell library contained the following spells:

 Spells                   Type           Power        Failure   Level  Hunger
 Dazzling Flash           Conj/Hex       ###...       10%         3    ###....
 Fulminant Prism          Conj/Hex       ###.......   30%         4    ####...
 Iskenderun's Mystic Bla  Conj/Tloc      ###.....     30%         4    ####...


Dungeon Overview and Level Annotations

Branches:
Dungeon (5/15)             Temple (0/1) D:5

Altars:
Cheibriados
Kikubaaqudgha
The Shining One

Annotations:
D:2 1 runed translucent door, Crazy Yiuf


Innate Abilities, Weirdness & Mutations

You can breathe waves of freezing cold.
You can buffet flying creatures when you breathe cold.
Your icy white scales are hard. (AC +6)
You cannot fit into any form of body armour.
Your flesh is cold resistant. (rC+)
You are cold-blooded and may be slowed by cold attacks.


Message History

The centaur shoots an arrow.
The arrow hits you.
The centaur shoots an arrow.
The arrow hits you!
Casting: Magic Dart (safe; 1% risk of failure)
Confirm with . or Enter, or press ? or * to list all spells.
Aiming: Magic Dart (safe; 1% risk of failure)
Press: ? - help, Shift-Dir - straight line, f/p - centaur
Aim: a centaur, wielding a +0 shortbow and quivering 19 arrows (severely wounded)
The magic dart hits the centaur but does no damage.
The centaur is severely wounded.
Casting: Magic Dart (safe; 1% risk of failure)
Confirm with . or Enter, or press ? or * to list all spells.
Aiming: Magic Dart (safe; 1% risk of failure)
Press: ? - help, Shift-Dir - straight line, f/p - centaur
Aim: a centaur, wielding a +0 shortbow and quivering 19 arrows (severely wounded)
The magic dart hits the centaur.
The centaur is almost dead.
The centaur shoots an arrow.
The arrow hits you!
* * * LOW HITPOINT WARNING * * *
The centaur shoots an arrow.
The arrow hits you!
You die...

...>#............#..##.....#
+####....####....#.........#
.........# #....#'###.....#
.........# #........#.....#
.........# #........#.....#
.........# #........#######
.........# #........#
.........# #####....#
.........# #..@....#
#####....#......#....#
#....+.^....###..#
....#####.. ..# ....# #.c
.## #.. .. #.. . +..


You could see a centaur.

Vanquished Creatures
  A scorpion (D:4)
  A crimson imp (D:5)
  2 orc wizards
  2 hounds (D:4)
  A bullfrog skeleton (D:5)
  Jessica (D:2)
  A gnoll shaman (D:5)
  3 worker ants
  A killer bee zombie (D:5)
  9 gnolls
  5 adders
  An ooze (D:4)
  An adder skeleton (D:4)
  3 worms (D:2)
  6 leopard geckos
  12 orcs
  8 bats
  4 giant cockroaches
  6 goblins
  7 hobgoblins
  11 jackals
  2 quokkas
  6 ball pythons
  4 frilled lizards
  11 kobolds
  2 quokka skeletons
  10 rats
121 creatures vanquished.

Vanquished Creatures (others)
  A human (D:3)
1 creature vanquished.

Grand Total: 122 creatures vanquished

Notes
Turn   | Place    | Note
-------+----------+-------------------------------------------
     0 | D:1      | GenChuck the Draconian Conjurer began the quest for the
                  | Orb.
     0 | D:1      | Reached XP level 1. HP: 14/14 MP: 3/3
   216 | D:1      | Reached XP level 2. HP: 20/20 MP: 3/5
   595 | D:1      | Learned a level 2 spell: Searing Ray
   689 | D:1      | Reached XP level 3. HP: 21/26 MP: 0/6
  1419 | D:2      | Noticed Jessica
  1879 | D:2      | Killed Jessica
  1879 | D:2      | Reached skill level 5 in Conjurations
  1879 | D:2      | Reached XP level 4. HP: 33/33 MP: 2/8
  2479 | D:2      | Found a faded altar of an unknown god.
  2695 | D:2      | Found a runed translucent door.
  2696 | D:2      | Noticed Crazy Yiuf
  2928 | D:3      | Found an ancient bone altar of Kikubaaqudgha.
  2928 | D:3      | Noticed a human
  2932 | D:3      | Killed a human
  3145 | D:3      | Reached XP level 5. HP: 38/38 MP: 3/9
  3950 | D:4      | Reached skill level 6 in Conjurations
  4172 | D:4      | Found a snail-covered altar of Cheibriados.
  4201 | D:4      | Reached XP level 6. HP: 37/45 MP: 4/11
  4612 | D:4      | Found a glowing golden altar of the Shining One.
  5408 | D:5      | Entered Level 5 of the Dungeon
  5729 | D:5      | Reached skill level 7 in Conjurations
  5729 | D:5      | Your scales start taking on an icy white colour.
  5729 | D:5      | Reached XP level 7. HP: 50/50 MP: 13/13
  5729 | D:5      | Gained mutation: Your flesh is cold resistant. (rC+) [White
                  | Draconian growth]
  5927 | D:5      | Found a staircase to the Ecumenical Temple.
  6511 | D:5      | Shot with an arrow by a centaur

Levels and vault maps discovered:
D:1:      dpeg_arrival_ternary, layout_basic
D:2:      layout_rooms, serial_glass, glass_columns_a, glass_columns_a,
          chequers_ecumenical_altar_grove, uniq_crazy_yiuf_cottage, uniq_jessica
D:3:      layout_basic, first_ration, grunt_decor_mini_mirrors,
          tgw_kikubaaqudgha
D:4:      layout_basic, tso_altar, cheibriados_altar_1, st_stairs_4
D:5:      layout_gridville, overflow_temple_1_default, elyvilon_altar_1,
          minmay_temple_entry_from_below_b, uniq_duvessa

Skill      XL: |  1  2  3  4  5  6 |
---------------+-------------------+-----
Dodging        | 2 |  2.0
Spellcasting   | 3 4 |  4.4
Conjurations   | 5 6 7 |  7.3
Stealth        | 2 |  2.8

Action                   |  1- 3 |  4- 6 |  7- 9 || total
-------------------------+-------+-------+-------++-------
Melee: Unarmed           |     7 |       |       ||     7
       Club              |    10 |     5 |       ||    15
       Mace              |    30 |       |       ||    30
       Tailslap          |     4 |       |       ||     4
       Whip              |       |       |     2 ||     2
 Cast: Magic Dart        |    93 |   131 |    25 ||   249
       Searing Ray       |       |    21 |     5 ||    26
  Use: Scroll            |       |    11 |       ||    11
  Eat: Chunk             |     4 |     4 |     1 ||     9
       Ration            |       |     3 |       ||     3
Armor: Skin              |    26 |     7 |     3 ||    36
Dodge: Dodged            |    74 |    23 |     9 ||   106

Table legend:
 A = Non-vault XP
 B = Vault XP
 C = Vault XP percentage of total XP
 D = Non-vault monster count
 E = Vault monster count
 F = Vault count percentage of total count
                 A         B        C        D         E       F
            +---------+---------+-------+---------+---------+-------
      Total |     837 |      77 |   8.4 |     119 |       2 |   1.7
            +---------+---------+-------+---------+---------+-------
        D:1 |      67 |       0 |   0.0 |      36 |       0 |   0.0
        D:2 |      74 |      37 |  33.3 |      27 |       1 |   3.6
        D:3 |      50 |       0 |   0.0 |      16 |       0 |   0.0
        D:4 |     281 |      40 |  12.5 |      19 |       1 |   5.0
        D:5 |     365 |       0 |   0.0 |      21 |       0 |   0.0
            +---------+---------+-------+---------+---------+-------
